 Dungeon Crawl Stone Soup version 0.20-a0-1078-g4874019 (webtiles) character file.

86 FastMan the Chopper (level 4, 0/61 HPs)
             Began as a Minotaur Berserker on May 1, 2017.
             Was a Believer of Trog.
             Slain by a killer bee (9 damage)
             ... on level 3 of the Dungeon.
             The game lasted 00:00:41 (1237 turns).

FastMan the Chopper (Minotaur Berserker)            Turns: 1237, Time: 00:00:42

Health: 0/61       AC:  2    Str: 27    XL:     4   Next: 26%
Magic:  3/3        EV: 12    Int:  4    God:    Trog [**....]
Gold:   108        SH:  0    Dex: 10    Spells: 3/3 levels left

rFire    . . .     SeeInvis .   a - +0 hand axe
rCold    . . .     Gourm    .   (no shield)
rNeg     . . .     Faith    .   b - +0 animal skin
rPois    .         Spirit   .   (helmet restricted)
rElec    .         Reflect  .   (no cloak)
rCorr    .         Harm     .   (no gloves)
MR       .....                  (no boots)
Stlth    ..........             (no amulet)
Regen    0.2/turn               (no ring)
MPRegen  0.1/turn               (no ring)

@: berserking, lethally poisoned (0 -> -4), very quick
A: retaliatory headbutt, horns 2
a: Berserk, Trog's Hand, Burn Spellbooks, Renounce Religion


You were on level 3 of the Dungeon.
You worshipped Trog.
Trog was pleased with you.
You were very hungry.

You visited 1 branch of the dungeon, and saw 3 of its levels.

You collected 108 gold pieces.

Inventory:

Hand Weapons
 a - a +0 hand axe (weapon)
Armour
 b - a +0 animal skin (worn)
 g - a +0 pair of boots
 j - a +0 cloak
Jewellery
 f - an uncursed amulet of regeneration {unknown}
 r - an uncursed ring of fire {unknown}
 t - a cursed amulet of inaccuracy {unknown}
Scrolls
 h - 2 scrolls of teleportation {unknown}
 k - a scroll of random uselessness {unknown}
 m - 2 scrolls of amnesia {unknown}
 n - 3 scrolls of identify {unknown}
 o - 2 scrolls of enchant weapon {unknown}
 s - a scroll of enchant armour {unknown}
Potions
 e - 2 potions of magic {unknown}
 i - a potion of degeneration {unknown}
 l - a potion of cancellation {unknown}
 q - a potion of mutation {unknown}
 u - a potion of brilliance {unknown}
Comestibles
 c - a bread ration {@e1}
 d - 8 chunks of flesh
 p - a meat ration {@e2}


   Skills:
 + Level 4.7 Fighting
 * Level 5.3 Axes
 - Level 2.4 Armour
 - Level 2.1 Dodging


You had 3 spell levels left.
You didn't know any spells.

Dungeon Overview and Level Annotations

Branches:
Dungeon (3/15)

Altars:
Ashenzari
Dithmenos
Hepliaklqana


Innate Abilities, Weirdness & Mutations

You reflexively headbutt those who attack you in melee.
You have a pair of horns on your head.


Message History

The killer bee is heavily wounded.
You hit the killer bee but do no damage.
The killer bee stings you. The killer bee barely misses you.
The killer bee stings you.
You are poisoned.
The killer bee poisons you! The killer bee stings you!
You hit the killer bee.
The killer bee is severely wounded.
You miss the killer bee.
You feel sick. The killer bee closely misses you. The killer bee stings you.
The killer bee stings you! x2
* * * LOW HITPOINT WARNING * * *
You are too injured to fight recklessly!
You are too injured to fight recklessly!
A red film seems to cover your vision as you go berserk!
You feel yourself moving faster!
You feel mighty!
You are feeling very hungry.
You feel sick. The killer bee misses you.
The killer bee stings you but does no damage.
The killer bee stings you!
You die...

. .. ...
########### ....
#..........
..?..
##.#########
.....y##### #..#
..).oyy@..###.##
#
.....yy##..#..#
##### ......O
##...## ####_...
.......
#...........##.
....(..
##.##..####....
.....># #.# #.##
#.#.. ...... #.#
#...##.#.#
...... #.#
#......# ...
##.†####


You could see an ogre, 5 killer bees and an orc.

Vanquished Creatures
  4 adders (D:2)
  An ooze (D:3)
  3 worms (D:2)
  A dart slug (D:3)
  A leopard gecko (D:2)
  An orc (D:3)
  5 bats
  2 giant cockroaches (D:2)
  4 hobgoblins
  2 kobolds
  2 quokkas
  A ball python (D:2)
  A frilled lizard (D:2)
  3 goblins
  2 rats
33 creatures vanquished.

Notes
Turn   | Place    | Note
-------+----------+-------------------------------------------
     0 | D:1      | FastMan the Minotaur Berserker began the quest for the Orb.
     0 | D:1      | Reached XP level 1. HP: 19/19 MP: 0/0
     6 | D:1      | Noticed a basilisk
     6 | D:1      | Noticed a tyrant leech
     6 | D:1      | Noticed a worker ant
     7 | D:1      | Noticed a centaur warrior
   321 | D:1      | Reached skill level 4 in Axes
   351 | D:2      | Reached XP level 2. HP: 27/27 MP: 1/1
   555 | D:2      | Reached XP level 3. HP: 33/33 MP: 2/2
   585 | D:2      | Found a faded altar of an unknown god.
   882 | D:2      | Found a hazy altar of Hepliaklqana.
   882 | D:2      | Found a shadowy altar of Dithmenos.
   886 | D:2      | Reached skill level 5 in Axes
  1019 | D:2      | Reached XP level 4. HP: 33/41 MP: 3/3
  1124 | D:3      | Reached ** piety under Trog
  1183 | D:3      | Found a shattered altar of Ashenzari.
  1232 | D:3      | Noticed an ogre
  1237 | D:3      | Slain by a killer bee

Vault maps used:
D:1:      onia_arrival_zoo_common, wad_floor_pattern_1
D:2:      kennysheep_big_flooded_room, gammafunk_temple_overflow_pools,
          chequers_ecumenical_altar_simple
D:3:      nicolae_overflow_crystal_walls, overflow_temple_1_default

Skill      XL: |  1  2  3 |
---------------+----------+-----
Axes           | 4 5 |  5.3
Fighting       | 4 |  4.7
Armour         | |  2.4
Dodging        | |  2.1

Action                   |  1- 3 |  4- 6 || total
-------------------------+-------+-------++-------
Melee: Hand axe          |    51 |    18 ||    69
       Headbutt          |    15 |     3 ||    18
Invok: Berserk           |       |     1 ||     1
  Eat: Chunk             |       |     1 ||     1
Armor: Animal skin       |     9 |     5 ||    14
Dodge: Dodged            |    32 |    13 ||    45
